 Dungeon Crawl Stone Soup version 0.14-a0-2019-gd9bc7f0 (webtiles) character file.

547 Mitsuki the Shield-Bearer (level 6, -2/56 HPs)
             Began as a Lava Orc Fighter on Jan 19, 2014.
             Slain by an orc warrior
             ... wielding a +0,+0 orcish long sword
              (15 damage)
             ... on Level 4 of the Dungeon.
             The game lasted 00:06:55 (1922 turns).

Mitsuki the Shield-Bearer (Lava Orc Fighter)        Turns: 1922, Time: 00:06:55

HP  -2/56        AC 12     Str 21      XL: 6   Next: 71%
MP   6/6         EV  8     Int  8      God:
Gold 106         SH 21     Dex 10      Spells:  0 memorised,  5 levels left

rFire  + + +     SeeInvis .     a - +0 orc falchion
rCold  x . .     Clarity  .     n - +3 ring mail {MR+}
rNeg   . . .     Conserve .     c - +0 orc shield
rPois  .         rCorr    .     g - +2 helmet
rElec  .         rRot     .     (no cloak)
SustAb . .       Spirit   .     (no gloves)
rMut   .         Warding  .     (no boots)
Saprov + . .     Stasis   .     (no amulet)
MR     +....                    (no ring)
                                (no ring)

@: somewhat resistant to hostile enchantments, extremely unstealthy
A: conserve scrolls, saprovore 1
a: no special abilities


You were on level 4 of the Dungeon.
You were hungry.

You visited 1 branch of the dungeon, and saw 4 of its levels.

You collected 106 gold pieces.

Inventory:

Hand weapons
 a - a +0,+0 orcish falchion (weapon)
Armour
 c - a +0 orcish shield (worn)
 g - a +2 helmet (worn)
 n - a +3 ring mail of magic resistance (worn)
Comestibles
 d - 2 meat rations
 f - 5 bread rations
 l - a pear
Scrolls
 e - 2 scrolls of teleportation {unknown}
 h - 2 scrolls of remove curse {unknown}
 i - a scroll of identify {unknown}
 j - 2 scrolls of noise {unknown}
 k - a scroll of recharging {unknown}
 o - a scroll of fear {unknown}
 p - a scroll of enchant weapon II {unknown}
 r - a scroll of enchant armour {unknown}
Jewellery
 u - an uncursed amulet of warding {unknown}
Potions
 b - a potion of heal wounds {unknown}
 m - a potion of curing
 q - a potion of porridge
 s - a potion of brilliance {unknown}
 t - a potion of agility {unknown}


   Skills:
 + Level 5.3 Fighting
 + Level 3.8 Long Blades
 + Level 5.1 Armour
 + Level 5.5 Shields


You had 5 spell levels left.
You didn't know any spells.

Dungeon Overview and Level Annotations

Branches:
Dungeon (4/16)
 Temple: D:4-7

Altars:
Sif Muna


Innate Abilities, Weirdness & Mutations

You have stony skin.
Your flesh is almost immune to the effects of heat.
Your fire spells are more powerful.
Your flesh is vulnerable to cold.
Your heat harms attackers.
You bathe your surroundings in blazing heat.
You are too hot to use scrolls.
You are very good at protecting items from fire.
You can tolerate rotten meat.


Message History

The orc warrior is singed by your heat.
The orc warrior is moderately wounded.
You barely miss the orc warrior.
The orc warrior is moderately wounded.
The orc warrior hits you with an orcish long sword.
* * * LOW HITPOINT WARNING * * *
The orc warrior appears unharmed.
The orc warrior is burned by your radiant heat.
The orc warrior is heavily wounded.
You block the orc warrior's attack.
The orc warrior hits you with an orcish long sword.
* * * LOW HITPOINT WARNING * * *
The orc warrior is singed by your heat.
The orc warrior is heavily wounded.
Drink which item? (? for menu, Esc to quit)
You feel better.
It was a potion of curing.
You block the hobgoblin's attack.
The orc warrior is burned by your radiant heat.
The orc warrior is heavily wounded.
The orc warrior hits you with an orcish long sword!
You die...

########+##
#....<....#
#.........#
#.....>...#
#.........#
#.g.......#
+@o.......#
#.........+
#.........#
###########


You could see an orc warrior and a hobgoblin.

Vanquished Creatures
  The ghost of nago the Slasher, an experienced HuBe of Trog (D:3)
  An orc wizard (D:3)
  An orc priest (D:3)
  Jessica (D:2)
  3 adders
  A worm (D:2)
  7 orcs (D:3)
  A giant cockroach (D:2)
  5 goblins
  7 hobgoblins
  A jackal (D:3)
  4 kobolds
  A quokka (D:3)
  8 bats
  A giant newt (D:3)
  4 rats
47 creatures vanquished.

Notes
Turn   | Place    | Note
--------------------------------------------------------------
     0 | D:1      | Mitsuki, the Lava Orc Fighter, began the quest for the Orb.
     0 | D:1      | Reached XP level 1. HP: 19/19 MP: 1/1
   162 | D:1      | Reached XP level 2. HP: 27/27 MP: 2/2
   190 | D:1      | Reached skill level 4 in Fighting
   498 | D:2      | Noticed Jessica
   520 | D:2      | Killed Jessica
   520 | D:2      | Reached XP level 3. HP: 24/33 MP: 3/3
   827 | D:2      | Found a deep blue altar of Sif Muna.
   866 | D:2      | Reached XP level 4. HP: 41/41 MP: 4/4
  1491 | D:3      | Noticed nago's ghost (experienced HuBe)
  1513 | D:3      | Killed nago's ghost
  1513 | D:3      | Reached skill level 5 in Fighting
  1513 | D:3      | Reached skill level 5 in Armour
  1513 | D:3      | Reached skill level 5 in Shields
  1513 | D:3      | Reached XP level 5. HP: 28/48 MP: 5/5
  1513 | D:3      | Reached XP level 6. HP: 32/56 MP: 6/6
  1850 | D:3      | Noticed an orc warrior
  1916 | D:4      | HP: 1/56 [orc warrior/orcish long sword (4)]
  1922 | D:4      | Slain by an orc warrior

Action                   |  1- 3 |  4- 6 || total
-------------------------+-------+-------++-------
Melee: Falchion          |    78 |    89 ||   167
  Use: Potion            |       |     1 ||     1
